 Dungeon Crawl Stone Soup version 0.29-a0-911-g88e6f02907 (webtiles) character file.

Game seed: 4402832367631721673

9 Hubjo the Insei (level 2, -3/21 HPs)
             Began as a Demonspawn Transmuter on July 25, 2022.
             Slain by a gnoll
             ... wielding a +0 flail
              (4 damage)
             ... on level 1 of the Dungeon.
             The game lasted 00:00:23 (463 turns).

Hubjo the Insei (Demonspawn Transmuter)              Turns: 463, Time: 00:00:24

Health: -3/21      AC:  2    Str: 10    XL:     2   Next: 3%
Magic:  5/5        EV: 12    Int: 14    God:
Gold:   8          SH:  0    Dex: 13    Spells: 4/5 levels left

rFire   . . .      SeeInvis .     - Unarmed
rCold   . . .      Faith    .   (no shield)
rNeg    . . .      Spirit   .   a - +0 robe
rPois   .          Reflect  .   (no helmet)
rElec   .          Harm     .   (no cloak)
rCorr   .          Rampage  .   (no gloves)
Will    .....                   (no boots)
Stlth   +.........              (no amulet)
HPRegen 0.07/turn               (no ring)
MPRegen 0.09/turn               (no ring)

@: no status effects
A: hooves 1
a: no special abilities


You were on level 1 of the Dungeon.
You visited 1 branch of the dungeon, and saw 1 of its levels.

You collected 8 gold pieces.

Inventory:

Armour
 a - a +0 robe (worn)
Potions
 b - a potion of lignification


   Skills:
 * Level 1.4 Fighting
 - Level 1.7 Dodging
 + Level 2.8 Unarmed Combat
 + Level 2.1 Spellcasting
 + Level 1.9 Transmutations


You had 4 spell levels left.
You knew the following spells:

 Your Spells              Type           Power      Damage    Failure   Level
a - Beastly Appendage     Tmut           14%        N/A       11%         1

Your spell library contained the following spells:

 Spells                   Type           Power      Damage    Failure   Level
 Wereblood                Tmut           7%         N/A       16%         2
 Spider Form              Tmut/Pois      4%         N/A       43%         3
 Ice Form                 Ice/Tmut       4%         N/A       83%         4


Dungeon Overview and Level Annotations

Branches:
Dungeon (1/15)

Altars:


Innate Abilities, Weirdness & Mutations

You have large cloven feet.


Message History

You hit the bat but do no damage. Your kick misses the bat.
The bat closely misses you.
You grow a pair of large bovine horns.
Your feet morph into talons.
The bat misses you.
You hit the bat but do no damage. The bat misses you. The bat hits you.
The bat closely misses you.
No target in view!
The bat barely misses you.
A bat is nearby!
A bat is nearby!
You hit the bat.
You kill the bat!
No target in view!
No target in view!
Your transformation is almost over.
Your horns disappear.
Your talons disappear.
Found a stone staircase leading down.
No target in view!
No target in view!
No target in view!
You open the door.
There is an open door here.
A gnoll comes into view. It is wielding a +0 flail.
The gnoll shouts!
A gnoll is nearby!
A gnoll is nearby!
A gnoll is nearby!
The gnoll hits you with a +0 flail. The gnoll hits you with a +0 flail.
The gnoll hits you with a +0 flail. The gnoll misses you.
The gnoll hits you with a +0 flail. The gnoll hits you with a +0 flail.
* * * LOW HITPOINT WARNING * * *
The gnoll hits you with a +0 flail.
* * * LOW HITPOINT WARNING * * *
The gnoll closely misses you. The gnoll closely misses you.
The gnoll hits you with a +0 flail.
You die...

#>.....................†.
#.#####........#......#.#
#.....'........#......#.#
#..####........#.####.#..
#.....#.##..#.# #.###
#...........#.# #....
..#####.####..#.#######.
........................
#######@#######........#
........g.....#.........
#######.#####.##.......#
#.# ######### #.# #.# #.#
...


You could see a gnoll.

Vanquished Creatures
  A giant cockroach (D:1)
  4 jackals (D:1)
  A bat (D:1)
  A goblin (D:1)
  A rat (D:1)
8 creatures vanquished.

Notes
Turn   | Place    | Note
-------+----------+-------------------------------------------
     0 | D:1      | Hubjo the Demonspawn Transmuter began the quest for the
                  | Orb.
     0 | D:1      | Reached XP level 1. HP: 15/15 MP: 3/3
   202 | D:1      | Lost mutation: You have razor-sharp toenails. [demonic
                  | ancestry]
   202 | D:1      | Lost mutation: You have sharp toenails. [demonic ancestry]
   202 | D:1      | Gained mutation: You have large cloven feet. [demonic
                  | ancestry]
   202 | D:1      | Reached XP level 2. HP: 11/21 MP: 5/5
   460 | D:1      | HP: 1/21 [gnoll/+0 flail (1)]
   463 | D:1      | Slain by a gnoll

Illustrated notes

Levels and vault maps discovered:
D:1:      matt_arrival_spirals, layout_basic, nicolae_ecumenical_lake_church

Action                   || total
-------------------------++-------
Melee: Unarmed           ||    33
       Kick              ||     4
       Headbutt          ||     4
 Cast: Beastly Appendage ||     7
Armor: Robe              ||     8
Dodge: Dodged            ||    47

Table legend: (Time is in decaauts)
 A = Elapsed time spent in this place.
 B = Non-inter-level travel time spent in this place.
 C = Inter-level travel time spent in this place.
 D = Time resting spent in this place.
 E = Time spent auto-exploring this place.
 F = Levels seen in this place.
 G = Mean time per level.
                   A        B        C        D        E       F      G
               +--------+--------+--------+--------+--------+-----+--------+
         Total |    461 |    461 |      0 |      0 |    382 |   1 |  461.0 |
       Dungeon |    461 |    461 |      0 |      0 |    382 |   1 |  461.0 |
               +--------+--------+--------+--------+--------+-----+--------+

Top non-repeatable levels by time:
     D:1: 461 daAuts
